 Dungeon Crawl Stone Soup version 0.18.1-48-g4cf74bf (webtiles) character file.

472 curty the Covert (level 7, -1/55 HPs)
             Began as a Naga Conjurer on Sept 9, 2016.
             Slain by tyranidshit's ghost (6 damage)
             ... in an ossuary.
             The game lasted 00:19:28 (2603 turns).

curty the Covert (Naga Conjurer)                    Turns: 2603, Time: 00:19:29

Health: -1/55      AC:  8    Str: 16    XL:     7   Next: 9%
Magic:  2/10       EV: 13    Int: 26    God:
Gold:   190        SH:  0    Dex: 16    Spells: 3 memorised, 4 levels left

rFire  . . .     SeeInvis +     g - +1 short sword (flame)
rCold  . . .     Gourm    .     a - +0 robe
rNeg   . . .     Faith    .     (no shield)
rPois  +         Spirit   .     p - +0 hat
rElec  .         Dismiss  .     (no cloak)
rCorr  .         Reflect  .     (no gloves)
SustAt .         Harm     +     r - +0 naga barding
MR     .....                    o - amulet of harm
Stlth  ++++++....               e - +1 ring of protection
                                d - +4 ring of intelligence

@: mighty, brilliant, agile, very slow, not resistant to hostile enchantments,
very stealthy
A: see invisible, deformed body, poison resistance, slowness 2, slow metabolism
1, spit poison 2, AC +2
a: Spit Poison


You were in an ossuary.
You were hungry.

You visited 1 branch of the dungeon, and saw 4 of its levels.
You also visited: Ossuary.

You collected 190 gold pieces.

Inventory:

Hand Weapons
 f - a +0 dagger
 g - a +1 short sword of flaming (weapon)
 s - a +0 hand axe
Armour
 a - a +0 robe (worn)
 i - a +0 leather armour of fire resistance
 n - a +0 large shield
 p - a +0 hat (worn)
 r - a +0 naga barding (worn)
Jewellery
 d - a +4 ring of intelligence (left hand)
 e - a +1 ring of protection (right hand)
 o - an amulet of harm (around neck)
Wands
 t - a wand of slowing (48/48)
Potions
 h - 2 potions of might
 j - a potion of brilliance
 l - 4 potions of curing
 u - a potion of agility
Books
 b - a book of Conjurations

   Spells                             Type                      Level
   a - Magic Dart                     Conjuration                  1
   b - Searing Ray                    Conjuration                  2
   c - Dazzling Spray                 Conjuration/Hexes            3
   d - Fulminant Prism                Conjuration/Hexes            4
   e - Iskenderun's Mystic Blast      Conjuration                  4
   f - Iskenderun's Battlesphere      Conjuration/Charms           5
Comestibles
 c - 3 bread rations
 k - a royal jelly
 v - 3 meat rations
 w - 6 chunks of flesh


   Skills:
 - Level 1.5 Dodging
 * Level 8.8 Stealth
 - Level 2.0 Spellcasting
 + Level 5.8 Conjurations
 + Level 2.1 Hexes


You had 4 spell levels left.
You knew the following spells:

 Your Spells              Type           Power        Failure   Level  Hunger
a - Magic Dart            Conj           ####         1%          1    None
b - Dazzling Spray        Conj/Hex       #####.       1%          3    ###....
s - Searing Ray           Conj           #####.       1%          2    ##.....


Dungeon Overview and Level Annotations

Branches:
Dungeon (4/15)
 Temple: D:4-7

Altars:
Cheibriados
Makhleb
Sif Muna
The Shining One

Annotations:
Ossuary tyranidshit's ghost, novice DsAK


Innate Abilities, Weirdness & Mutations

You cannot wear boots.
Your serpentine skin is tough (AC +2).
You have supernaturally acute eyesight.
Armour fits poorly on your strangely shaped body.
Your system is resistant to poisons.
You cover ground very slowly.
You have a slow metabolism.
You can spit poison.


Message History

Tyranidshit's ghost hits you but does no damage.
The kobold zombie hits you but does no damage.
You puncture tyranidshit's ghost!
Tyranidshit's ghost is severely damaged.
Tyranidshit's ghost whispers, "They're coming for you..."
Tyranidshit's ghost hits you!
* * * LOW HITPOINT WARNING * * *
Tyranidshit's ghost hits you.
* * * LOW HITPOINT WARNING * * *
Casting: Searing Ray
Confirm with . or Enter, or press ? or * to list all spells.
Aiming: Searing Ray
Press: ? - help, Shift-Dir - straight line, f/p - tyranidshit's ghost
Aim: tyranidshit's ghost (heavily damaged)
The searing ray hits tyranidshit's ghost.
Tyranidshit's ghost is heavily damaged.
The kobold zombie misses you.
Tyranidshit's ghost says regretfully, "I wish I had corrupted all of this!"
Tyranidshit's ghost hits you.
You die...

######################
#.........∩∩.........#
#.............W@Z....#
#...##############...#
#... ..# #..W .# #.Z.
# #..Z #.Z. #...


You could see tyranidshit's ghost and a kobold zombie.

Vanquished Creatures
  An ogre (D:4)
  The ghost of Neosonic97 the Skirmisher, an amateur DrTm (D:3)
  An orc wizard (D:3)
  Natasha (thrice) (D:2)
  A gnoll (D:1)
  7 adders
  An ooze (D:2)
  A worm (D:4)
  A dart slug (D:1)
  3 giant geckos (D:1)
  10 orcs (D:3)
  7 bats
  7 giant cockroaches
  11 goblins
  8 hobgoblins
  10 jackals
  12 kobolds
  4 giant newts
  A hobgoblin zombie (Ossuary)
  4 orc zombies (Ossuary)
  9 rats
103 creatures vanquished.

Notes
Turn   | Place    | Note
--------------------------------------------------------------
     0 | D:1      | curty the Naga Conjurer began the quest for the Orb.
     0 | D:1      | Reached XP level 1. HP: 15/15 MP: 3/3
   114 | D:1      | Reached skill level 4 in Stealth
   114 | D:1      | Reached XP level 2. HP: 6/22 MP: 0/5
   292 | D:1      | Reached XP level 3. HP: 17/28 MP: 6/6
   922 | D:2      | Noticed Natasha
   930 | D:2      | Killed Natasha
   930 | D:2      | Reached skill level 5 in Stealth
   930 | D:2      | Reached XP level 4. HP: 30/36 MP: 3/7
   934 | D:2      | Learned a level 2 spell: Searing Ray
   983 | D:2      | Found a glowing golden altar of the Shining One.
  1179 | D:2      | Learned a level 3 spell: Dazzling Spray
  1379 | D:2      | Reached skill level 6 in Stealth
  1424 | D:2      | Reached skill level 5 in Conjurations
  1424 | D:2      | Reached XP level 5. HP: 42/42 MP: 6/8
  1626 | D:2      | Noticed Natasha
  1633 | D:2      | Killed Natasha
  1713 | D:2      | Noticed Natasha
  1722 | D:2      | Killed Natasha
  1722 | D:2      | Reached skill level 7 in Stealth
  1902 | D:3      | Reached XP level 6. HP: 49/49 MP: 9/9
  1956 | D:3      | Found a deep blue altar of Sif Muna.
  1956 | D:3      | Noticed Neosonic97's ghost (amateur DrTm)
  1963 | D:3      | Killed Neosonic97's ghost
  1963 | D:3      | Reached skill level 8 in Stealth
  1963 | D:3      | Reached skill level 1 in Hexes
  2142 | D:3      | Found a snail-covered altar of Cheibriados.
  2471 | D:4      | Found a burning altar of Makhleb.
  2474 | D:4      | Reached XP level 7. HP: 55/55 MP: 5/10
  2524 | D:4      | Found a sand-covered staircase.
  2540 | Ossuary  | Entered an ossuary
  2553 | Ossuary  | Noticed tyranidshit's ghost (novice DsAK)
  2603 | Ossuary  | Slain by tyranidshit's ghost

Skill      XL: |  1  2  3  4  5  6 |
---------------+-------------------+-----
Stealth        | 4 5 6 7 8 |  8.8
Conjurations   | 5 |  5.8
Hexes          | 2 |  2.1
Dodging        | |  1.5
Spellcasting   | |  2.0

Action                   |  1- 3 |  4- 6 |  7- 9 || total
-------------------------+-------+-------+-------++-------
Melee: Spear             |    10 |       |       ||    10
       Dagger            |    10 |    16 |    13 ||    39
       Short sword       |       |     2 |     8 ||    10
 Cast: Magic Dart        |    22 |    63 |    11 ||    96
       Searing Ray       |       |     6 |     3 ||     9
 Abil: Spit Poison       |    21 |    29 |     2 ||    52
  Use: Scroll            |       |     9 |       ||     9
       Potion            |       |       |     5 ||     5
 Stab: Sleeping          |    11 |     7 |       ||    18
  Eat: Chunk             |     1 |     7 |       ||     8
Armor: Robe              |     3 |    21 |    14 ||    38
Dodge: Dodged            |    17 |    24 |    25 ||    66
